 Dungeon Crawl Stone Soup version 0.22-a0-252-gcace5d2 (webtiles) character file.

53 Zwobot the Skirmisher (level 3, -6/29 HPs)
             Began as a Demonspawn Fighter on Mar 1, 2018.
             Killed by divine providence
             ... invoked by an orc priest
              (12 damage)
             ... on level 2 of the Dungeon.
             The game lasted 00:04:35 (2038 turns).

Zwobot the Skirmisher (Demonspawn Fighter)          Turns: 2038, Time: 00:04:36

Health: -6/29      AC:  8    Str: 22    XL:     3   Next: 62%
Magic:  3/3        EV:  9    Int:  9    God:
Gold:   164        SH:  0    Dex: 12    Spells: 2/2 levels left

rFire    . . .     SeeInvis .   a - +0 flail
rCold    + . .     Gourm    .   (no shield)
rNeg     . . .     Faith    .   l - +1 scale mail (curse)
rPois    +         Spirit   .   (helmet restricted)
rElec    .         Reflect  .   (no cloak)
rCorr    +         Harm     .   m - +0 pair of gloves
MR       .....                  (no boots)
Stlth    ..........             (no amulet)
HPRegen  0.09/turn              j - ring of resist corrosion
MPRegen  0.08/turn              (no ring)

@: mighty, hasted, very quick
A: horns 1, cold resistance 1, demonic guardian 1, poison resistance, powered by
pain 1, MP-powered wands
a: no special abilities


You were on level 2 of the Dungeon.
You were not hungry.

You visited 1 branch of the dungeon, and saw 3 of its levels.

You collected 164 gold pieces.

Inventory:

Hand Weapons
 a - a +0 flail (weapon)
Missiles
 e - 24 poisoned needles
 k - 19 bolts
Armour
 b - a +0 scale mail
 c - a +0 shield
 i - a +2 ring mail of positive energy
 l - a cursed +1 scale mail (worn)
 m - a +0 pair of gloves (worn)
Jewellery
 j - a ring of resist corrosion (left hand)
Scrolls
 h - a scroll of amnesia
 o - a scroll of remove curse
Potions
 d - 2 potions of might
Comestibles
 f - 5 rations
 g - 6 chunks of flesh


   Skills:
 + Level 3.4 Fighting
 * Level 2.9 Maces & Flails
 + Level 3.1 Armour
 - Level 2.6 Shields


You had 2 spell levels left.
You didn't know any spells.

Dungeon Overview and Level Annotations

Branches:
Dungeon (3/15)

Altars:
Gozag
Nemelex Xobeh
Trog

Annotations:
D:3 Jessica


Innate Abilities, Weirdness & Mutations

A weak demonic guardian rushes to your aid.
You sometimes gain a little power by taking damage.
You have a pair of small horns on your head.
Your flesh is cold resistant. (rC+)
Your system is resistant to poisons. (rPois)
You expend magic power (3 MP) to strengthen your wands.


Message History

The orc priest is moderately wounded.
The orc priest invokes the aid of Beogh against you.
Beogh smites you!
You focus on the pain.
You feel very mighty all of a sudden. The orc hits you with a war axe.
* * * LOW HITPOINT WARNING * * *
The goblin hits you with a club.
* * * LOW HITPOINT WARNING * * *
Unknown command.
It was a potion of haste.
You feel yourself speed up. The orc priest hits you with a whip.
* * * LOW HITPOINT WARNING * * *
The orc barely misses you. The goblin hits you but does no damage.
The orc priest hits you but does no damage.
There is a stone staircase leading up here.
You thump the orc priest!
The orc priest is almost dead.
The orc priest invokes the aid of Beogh against you.
Beogh smites you!
You die...

#.#####.# ##...###.## ##...#
#.....#.# #....)....###.##(#
#.###.#.###.###.###..#..##.#
#.#.........# #.# #.....##.##
#.#.#.#.###.###.# #####......
#<......# #.....# #.##.##
#.#.#.### ###'### #.##..#
#.....# ##...## #.###.#
#####.### ##.@...## #.###.#
#...#.## ##..o....## ##......
#......####..go.....####....#.#
#........)'.>.......'..........
##.#...####...(.....####....#.#
#.##.## ##...#######....#...#
##.#### ##.##...###.####..##
#....# ###.....##.# #..# #..#.#
#.......#.# #..##


You could see an orc priest, an orc and a goblin.

Vanquished Creatures
  An adder (D:2)
  2 worms (D:2)
  3 dart slugs
  A goblin (D:2)
  7 hobgoblins
  3 jackals (D:2)
  6 kobolds (D:2)
  A quokka (D:2)
  2 bats (D:1)
  3 frilled lizards
  4 rats
33 creatures vanquished.

Notes
Turn   | Place    | Note
-------+----------+-------------------------------------------
     0 | D:1      | Zwobot the Demonspawn Fighter began the quest for the Orb.
     0 | D:1      | Reached XP level 1. HP: 18/18 MP: 1/1
   135 | D:1      | Found a sparkling altar of Nemelex Xobeh.
   815 | D:2      | Gained mutation: A weak demonic guardian rushes to your aid. [demonic ancestry]
   815 | D:2      | Reached XP level 2. HP: 24/24 MP: 2/2
   879 | D:2      | Found an opulent altar of Gozag.
  1040 | D:2      | Found a bloodstained altar of Trog.
  1497 | D:2      | Gained mutation: You sometimes gain a little power by taking damage. [demonic ancestry]
  1497 | D:2      | Reached XP level 3. HP: 26/29 MP: 3/3
  1498 | D:2      | Found a sparkling altar of Nemelex Xobeh.
  1708 | D:2      | Gained mutation: Your flesh is cold resistant. (rC+) [potion of mutation]
  1708 | D:2      | Gained mutation: You expend magic power (3 MP) to strengthen your wands. [potion of mutation]
  1708 | D:2      | Gained mutation: You have a pair of small horns on your head. [potion of mutation]
  1708 | D:2      | Gained mutation: Your system is resistant to poisons. (rPois) [potion of mutation]
  1944 | D:3      | Noticed Jessica
  2038 | D:2      | Killed from afar by an orc priest

Vault maps used:
D:1:      lightli_arrival_isolated_outpost, minmay_fountain_box,
          nemelex_diamond_rough_becter
D:2:      lightli_temple_of_fire, nemelex_xobeh_ov_fountains_minmay,
          lemuel_round_altar, first_ration
D:3:      kennysheep_orc_chapel, uniq_sigmund, uniq_jessica

Skill      XL: |  1  2 |
---------------+-------+-----
Maces & Flails | 2 |  2.9
Armour         | 3 |  3.1
Fighting       | |  3.4
Shields        | |  2.6

Action                   || total
-------------------------++-------
Melee: Flail             ||   111
  Use: Scroll            ||     5
       Potion            ||     2
  Eat: Chunk             ||     4
Armor: Scale mail        ||    72
Dodge: Dodged            ||    66

Table legend:
 A = Spawn XP
 B = Non-spawn XP
 C = Spawn XP percentage of total XP
 D = Spawn monster count
 E = Non-spawn monster count
 F = Spawn count percentage of total count
 G = Total turns spent on level
                    A         B        C        D         E        F      G
               +---------+---------+-------+---------+---------+-------+---------
         Total |       0 |      76 |   0.0 |       0 |      33 |   0.0 |  2038
               +---------+---------+-------+---------+---------+-------+---------
           D:1 |       0 |       9 |   0.0 |       0 |       5 |   0.0 |   794
           D:2 |       0 |      59 |   0.0 |       0 |      24 |   0.0 |  1205
           D:3 |       0 |       8 |   0.0 |       0 |       4 |   0.0 |    39
               +---------+---------+-------+---------+---------+-------+---------
